 Dungeon Crawl Stone Soup version 0.18-a0-1577-gf591c28 (webtiles) character file.

11 lefaune the Firebug (level 2, 0/19 HPs)
             Began as a Demonspawn Fire Elementalist on Mar 17, 2016.
             Slain by a jackal (1 damage)
             ... on level 1 of the Dungeon.
             The game lasted 00:13:39 (389 turns).

lefaune the Firebug (Demonspawn Fire Elementalist)   Turns: 389, Time: 00:13:45

Health: 0/19       AC:  2    Str:  8    XL:     2   Next: 13%
Magic:  1/5        EV: 12    Int: 16    God:
Gold:   13         SH:  0    Dex: 13    Spells: 2 memorised, 2 levels left

rFire  . . .     SeeInvis +     f - +0 hand axe
rCold  . . .     Gourm    .     a - +0 robe
rNeg   . . .     Faith    .     (no shield)
rPois  .         Spirit   .     (no helmet)
rElec  .         Dismiss  .     (no cloak)
rCorr  .         Reflect  .     (no gloves)
SustAt .         Harm     .     (no boots)
MR     .....                    (no amulet)
Stlth  ++........               (no ring)
                                (no ring)

@: very slightly contaminated, not resistant to hostile enchantments, unstealthy
A: see invisible, rot immunity
a: no special abilities


You were on level 1 of the Dungeon.
You were not hungry.

You visited 1 branch of the dungeon, and saw 1 of its levels.

You collected 13 gold pieces.

Inventory:

Hand Weapons
 e - a +0 club
 f - a +0 hand axe (weapon)
Missiles
 d - 22 bolts
Armour
 a - a +0 robe (worn)
Books
 b - a book of Flames

   Spells                             Type                      Level
   a - Flame Tongue                   Conjuration/Fire             1
   b - Throw Flame                    Conjuration/Fire             2
   c - Conjure Flame                  Conjuration/Fire             3
   d - Inner Flame                    Hexes/Fire                   3
   e - Sticky Flame                   Conjuration/Fire             4
   f - Fireball                       Conjuration/Fire             5
Comestibles
 c - a bread ration


   Skills:
 + Level 0.2 Fighting
 + Level 2.0 Dodging
 + Level 1.7 Stealth
 + Level 0.1 Unarmed Combat
 + Level 2.1 Spellcasting
 + Level 1.0 Conjurations
 + Level 3.0 Fire Magic


You had 2 spell levels left.
You knew the following spells:

 Your Spells              Type           Power        Failure   Level  Hunger
a - Flame Tongue          Conj/Fire      #....        10%         1    #......
b - Throw Flame           Conj/Fire      #.....       14%         2    ###....


Dungeon Overview and Level Annotations

Branches:
Dungeon (1/15)

Altars:


Innate Abilities, Weirdness & Mutations

You are immune to rotting.
You have supernaturally acute eyesight.


Message History

The jackal is heavily wounded.
You hit the jackal.
The jackal is almost dead.
You hit the jackal.
The jackal is moderately wounded.
You hit the jackal.
The jackal is almost dead.
The jackal bites you. x2
* * * LOW HITPOINT WARNING * * *
The jackal barely misses you. The jackal misses you. The jackal bites you.
* * * LOW HITPOINT WARNING * * *
The jackal misses you.
It was a potion of beneficial mutation.
Your vision sharpens.
You feel fantastic! The jackal bites you.
* * * LOW HITPOINT WARNING * * *
The jackal bites you but does no damage. x2
The jackal closely misses you. The jackal barely misses you.
The jackal bites you.
You die...

#.# #.≈≈≈≈≈≈ #.# #.≈8≈≈≈≈
#.# #.≈≈8≈≈≈ ###.### #
#.≈≈≈### #####.....#.#
#.≈≈≈#.. #...#.....#.#
#.≈≈≈#<. #...........#
#.≈≈≈###
#...#>hhh.###.....≈≈8≈≈≈ #
#...#..@h.........≈8≈≈≈≈
#.###.#.########...###≈≈≈≈≈≈
#.#...#...# ..# ###.##.
#...#####.# ....... #. #.
###...#..... ...... .. #
###.#.# ### ..... ##...##
#...## # #.....# #....# #
#.###.## ...# #


You could see 4 jackals.

Vanquished Creatures
  An ooze (D:1)
  A giant gecko (D:1)
  2 hobgoblins (D:1)
  A giant newt (D:1)
  A rat (D:1)
6 creatures vanquished.

Notes
Turn   | Place    | Note
--------------------------------------------------------------
     0 | D:1      | lefaune the Demonspawn Fire Elementalist began the quest for the Orb.
     0 | D:1      | Reached XP level 1. HP: 13/13 MP: 3/3
    65 | D:1      | Reached skill level 3 in Fire Magic
   221 | D:1      | Gained mutation: You are immune to rotting. [demonic ancestry]
   221 | D:1      | Reached XP level 2. HP: 19/19 MP: 0/5
   251 | D:1      | Learned a level 2 spell: Throw Flame
   389 | D:1      | Gained mutation: You have supernaturally acute eyesight. [potion of beneficial mutation]
   389 | D:1      | Slain by a jackal

Vault maps used:
D:1:      lightli_arrival_boilingwater

Skill      XL: |  1  2 |
---------------+-------+-----
Fire Magic     | 3 |  3.0
Dodging        | 2 |  2.0
Fighting       | |  0.2
Stealth        | |  1.7
Unarmed Combat | |  0.1
Spellcasting   | |  2.1
Conjurations   | |  1.0

Action                   || total
-------------------------++-------
Melee: Unarmed           ||    11
       Hand axe          ||     6
 Cast: Flame Tongue      ||     8
       Throw Flame       ||     1
  Use: Scroll            ||     1
       Potion            ||     2
 Stab: Sleeping          ||     1
